 Dungeon Crawl Stone Soup version 0.27-a0-869-g165b36e3f0 (webtiles) character file.

Game seed: 8020329647052017220

102 polve the Poker (level 4, -1/35 HPs)
             Began as a Demonspawn Monk on Apr 2, 2021.
             Slain by a gnoll
             ... wielding a +0 flail
              (8 damage)
             ... on level 2 of the Dungeon.
             The game lasted 00:01:20 (2178 turns).

polve the Poker (Demonspawn Monk)                   Turns: 2178, Time: 00:01:21

Health: -1/35      AC:  7    Str: 11    XL:     4   Next: 49%
Magic:  4/4        EV:  9    Int: 12    God:
Gold:   65         SH:  0    Dex: 16    Spells: 3/3 levels left

rFire    . . .     SeeInvis .   a - +0 spear
rCold    . . .     Faith    .   (no shield)
rNeg     . . .     Spirit   .   m - +0 scale mail
rPois    .         Reflect  .   (no helmet)
rElec    .         Harm     .   (no cloak)
rCorr    .         Rampage  .   (no gloves)
Will     +....                  (no boots)
Stlth    ..........             (no amulet)
HPRegen  0.11/turn              h - ring of willpower
MPRegen  0.09/turn              (no ring)

@: no status effects
A: hooves 2, sharp scales 1
a: no special abilities


You were on level 2 of the Dungeon.
You visited 1 branch of the dungeon, and saw 2 of its levels.

You collected 65 gold pieces.

Inventory:

Hand Weapons
 a - a +0 spear (weapon)
Armour
 b - a +0 robe
 m - a +0 scale mail (worn)
 n - a +0 pair of boots
Jewellery
 h - a ring of willpower (left hand)
Scrolls
 d - a scroll of fear {unknown}
 e - 3 scrolls of silence {unknown}
 f - 2 scrolls of teleportation {unknown}
 i - a scroll of identify {unknown}
 j - a scroll of enchant weapon {unknown}
 k - a scroll of noise {unknown}
 p - a scroll of torment {unknown}
 q - a scroll of fog {unknown}
Potions
 c - a potion of flight {unknown}
 g - 2 potions of heal wounds {unknown}
 l - a potion of ambrosia {unknown}
 o - a potion of curing {unknown}


   Skills:
 - Level 3.0 Fighting
 + Level 4.9 Polearms
 - Level 2.6 Dodging
 - Level 1.7 Stealth


You had 3 spell levels left.
You didn't know any spells.
Your spell library was empty.

Dungeon Overview and Level Annotations

Branches:
Dungeon (2/15)

Altars:


Innate Abilities, Weirdness & Mutations

You have hoof-like feet.
You are partially covered in razor-sharp scales. (AC +1, Slay +1)


Message History

The gnoll is moderately wounded.
The gnoll hits you with a +0 whip. The gnoll closely misses you.
You hit the gnoll. Your kick misses the gnoll.
The gnoll is heavily wounded.
The gnoll hits you with a +0 whip. The gnoll barely misses you.
You are too injured to fight recklessly!
You are too injured to fight recklessly!
You are too injured to fight recklessly!
You are too injured to fight recklessly!
You are too injured to fight recklessly!
You are too injured to fight recklessly!
You are too injured to fight recklessly!
You are too injured to fight recklessly!
You are too injured to fight recklessly!
You are too injured to fight recklessly!
You are too injured to fight recklessly!
You are too injured to fight recklessly!
You are too injured to fight recklessly!
You are too injured to fight recklessly!
You are too injured to fight recklessly!
You are too injured to fight recklessly!
You are too injured to fight recklessly!
You are too injured to fight recklessly!
You are too injured to fight recklessly!
You are too injured to fight recklessly!
You are too injured to fight recklessly!
You hit the gnoll.
The gnoll is heavily wounded.
The gnoll closely misses you. The gnoll hits you with a +0 flail.
You hit the gnoll but do no damage. You kick the gnoll.
The gnoll is severely wounded.
You hit the gnoll. Your kick misses the gnoll.
The gnoll is almost dead.
The gnoll hits you with a +0 whip. The gnoll hits you with a +0 flail!
You hit the gnoll. You kick the gnoll, but do no damage.
The gnoll is almost dead.
The gnoll hits you with a +0 whip.
* * * LOW HITPOINT WARNING * * *
The gnoll hits you with a +0 flail!
You die...

#.......# #.
#####..(....# ##
............# #
#####.......# ##
#.......###.
#####.......##.#
###...............
..#####g....####..####.#
.....)g@..#.......#####.
################........
#########


You could see 2 gnolls.

Vanquished Creatures
  2 gnolls (D:2)
  2 adders (D:2)
  3 dart slugs (D:1)
  5 endoplasms
  4 giant cockroaches
  3 goblins
  4 hobgoblins
  4 jackals (D:2)
  5 kobolds
  2 quokkas (D:1)
  7 ball pythons
  6 bats
  A frilled lizard (D:1)
  6 rats (D:1)
54 creatures vanquished.

Notes
Turn   | Place    | Note
-------+----------+-------------------------------------------
     0 | D:1      | polve the Demonspawn Monk began the quest for the Orb.
     0 | D:1      | Reached XP level 1. HP: 18/18 MP: 1/1
    93 | D:1      | Reached skill level 3 in Polearms
   307 | D:1      | Gained mutation: You have large cloven feet. [demonic
                  | ancestry]
   307 | D:1      | Reached XP level 2. HP: 17/24 MP: 2/2
   890 | D:1      | Gained mutation: You have hoof-like feet. [demonic
                  | ancestry]
   890 | D:1      | Reached XP level 3. HP: 29/29 MP: 3/3
  1152 | D:1      | Reached skill level 4 in Polearms
  1960 | D:2      | Gained mutation: You are partially covered in razor-sharp
                  | scales. (AC +1, Slay +1) [demonic ancestry]
  1960 | D:2      | Reached XP level 4. HP: 35/35 MP: 4/4
  2178 | D:2      | Slain by a gnoll

Illustrated notes

Levels and vault maps discovered:
D:1:      amcnicky_arrival_gap_in_the_tavern_cellar, layout_loops_corners,
          serial_forest, infiniplex_forest_clump_double,
          infiniplex_forest_lined_3, infiniplex_forest_straight_3,
          infiniplex_forest_clump_curved
D:2:      layout_loops_ring, feat_on_display

Skill      XL: |  1  2  3 |
---------------+----------+-----
Polearms       | 3 4 |  4.9
Fighting       | |  3.0
Dodging        | |  2.6
Stealth        | |  1.7

Action                   |  1- 3 |  4- 6 || total
-------------------------+-------+-------++-------
Melee: Spear             |   143 |    37 ||   180
       Kick              |    26 |     6 ||    32
 Stab: Sleeping          |     6 |       ||     6
Armor: Robe              |    21 |       ||    21
       Scale mail        |     7 |     4 ||    11
Dodge: Dodged            |    80 |    11 ||    91

Table legend: (Time is in decaauts)
 A = Elapsed time spent in this place.
 B = Non-inter-level travel time spent in this place.
 C = Inter-level travel time spent in this place.
 D = Time resting spent in this place.
 E = Time spent auto-exploring this place.
 F = Levels seen in this place.
 G = Mean time per level.
                   A        B        C        D        E       F      G
               +--------+--------+--------+--------+--------+-----+--------+
         Total |   2159 |   2122 |     37 |      0 |   1784 |   2 | 1079.5 |
       Dungeon |   2159 |   2122 |     37 |      0 |   1784 |   2 | 1079.5 |
               +--------+--------+--------+--------+--------+-----+--------+

Top non-repeatable levels by time:
     D:1: 1397 daAuts
     D:2: 762 daAuts
